 Dungeon Crawl Stone Soup version 0.28.0-45-g0d030f2227 (webtiles) character file.

Game seed: 7894080902930805966

39 zeratav the Insei (level 3, 0/23 HPs)
             Began as an Octopode Transmuter on Apr 10, 2022.
             Slain by a kobold
             ... wielding a +0 club
              (5 damage)
             ... on level 2 of the Dungeon.
             The game lasted 00:01:07 (1219 turns).

zeratav the Insei (Octopode Transmuter)             Turns: 1219, Time: 00:01:07

Health: 0/23       AC:  1    Str:  9    XL:     3   Next: 45%
Magic:  15/15      EV: 13    Int: 15    God:
Gold:   27         SH:  0    Dex: 14    Spells: 5/6 levels left

rFire   . . .      SeeInvis .     - Unarmed
rCold   . . .      Faith    .   (no shield)
rNeg    . . .      Spirit   .   (helmet currently unavailable)
rPois   .          Reflect  .   (no amulet)
rElec   .          Harm     .   f - ring of magical power
rCorr   .          Rampage  .   (no ring)
Will    .....                   (no ring)
Stlth   +++.......              (no ring)
HPRegen 0.07/turn               (no ring)
MPRegen 0.14/turn               (no ring)
                                (no ring)
                                (no ring)

@: appendages (expiring)
A: tentacle spike 3, almost no armour, amphibious, 8 rings, camouflage 1,
gelatinous body 1, (nimble swimmer 1), tentacles
a: End Transformation


You were on level 2 of the Dungeon.
One of your tentacles had grown a beastly spike.
You visited 1 branch of the dungeon, and saw 2 of its levels.

You collected 27 gold pieces.


Innate Abilities, Weirdness & Mutations

One of your tentacles has grown a beastly spike.
You cannot wear most types of armour.
You are amphibious.
You can wear up to eight rings at the same time.
Your skin changes colour to match your surroundings (Stealth+).
Your rubbery body absorbs attacks. (AC +1, EV +1)
((You are camouflaged when in or above water. (Stealth+)))
You have tentacles for arms and can constrict up to eight enemies at once.


   Skills:
 + Level 1.5 Fighting
 + Level 2.4 Dodging
 + Level 1.6 Stealth
 * Level 3.6 Unarmed Combat
 - Level 2.0 Spellcasting
 - Level 2.0 Transmutations


You had 5 spell levels left.
You knew the following spells:

 Your Spells              Type           Power      Damage    Failure   Level
a - Beastly Appendage     Tmut           14%        N/A       10%         1

Your spell library contained the following spells:

 Spells                   Type           Power      Damage    Failure   Level
 Wereblood                Tmut           7%         N/A       14%         2
 Spider Form              Tmut/Pois      4%         N/A       41%         3
 Ignite Poison            Fire/Tmut/Pois 3%         N/A       45%         3
 Conjure Flame            Conj/Fire      1%         6-21      54%         3
 Ice Form                 Ice/Tmut       4%         N/A       82%         4
 Sticky Flame             Conj/Fire      1%         2d3       91%         4

Inventory:

Jewellery
 f - a ring of magical power (left tentacle)
   (You found it on level 1 of the Dungeon)
Scrolls
 a - a scroll of acquirement {unknown}
 c - a scroll of enchant weapon {unknown}
 d - a scroll of teleportation {unknown}
 e - a scroll of fear {unknown}
Potions
 b - a potion of degeneration {unknown}

Dungeon Overview and Level Annotations

Branches:
Dungeon (2/15)

Altars:

#........?. .
.........#.#
##........#.#
#...........
#.........#
#...(.....#
#........)#
#.....@K.<#
##....†..##
##.....##
......####
#####. #. . .


You could see a kobold.


Message History

You constrict the giant cockroach. The giant cockroach misses you.
You tentacle-slap the giant cockroach but do no damage.
You pierce the giant cockroach, but do no damage.
You squeeze the giant cockroach.
You kill the giant cockroach!
No target in view!
No target in view!
No target in view!
No target in view!
No target in view!
No target in view!
No target in view!
No target in view!
No target in view!
No target in view!
No target in view!
No target in view!
No target in view!
No target in view!
No target in view!
No target in view!
MP[+1]
Your mp is fully restored (15).
Your transformation is almost over.
You open the door.
Done exploring.
(D) Dungeon
Where to? (Enter - D:2, ? - help)
There is an open door here.
There is a stone staircase leading down here.
You climb downwards.
There is a stone staircase leading up here.
There are monsters nearby!
You extend your transformation's duration.
The kobold shouts!
The kobold misses you.
The kobold shouts!
MP[-1]
You lost 1 mp, and now have 14/15 mp.
You closely miss the kobold. Your grab misses the kobold.
An adder comes into view.
The adder hisses angrily.
You tentacle-slap the kobold.
You kill the kobold!
The adder bites you.
You are poisoned.
The adder poisons you!
The kobold throws a stone.
The stone completely misses you.
You closely miss the adder. Your grab misses the adder.
You pierce the adder.
You feel sick. The adder misses you.
A kobold comes into view. It is wielding a +0 club.
You closely miss the adder. Your grab misses the adder.
Your tentacle spike misses the adder.
You feel sick. The adder barely misses you.
The kobold throws a stone.
The stone closely misses you.
You miss the adder. Your grab misses the adder.
You feel sick. The adder completely misses you.
The kobold throws a stone.
The stone hits you but does no damage. The adder bites you.
You are more poisoned.
The adder poisons you!
You barely miss the adder. Your grab misses the adder.
You feel sick. The adder bites you.
* * * LOW HITPOINT WARNING * * *
You are too injured to fight recklessly!
HP[-12] MP[+1]
You take 12 damage, and now have 11/23 hp.
MASSIVE DAMAGE!! (PAUSE)
Your mp is fully restored (15).
You barely miss the adder. Your grab misses the adder.
Your tentacle spike misses the adder.
Your squeeze misses the adder.
You feel sick. The adder barely misses you.
The kobold throws a stone.
The stone barely misses you.
HP[-1]
You take 1 damage, and now have 10/23 hp.
You tentacle-slap the adder.
You kill the adder!
Your transformation is almost over.
You feel sick. The kobold barely misses you.
HP[-1]
You take 1 damage, and now have 9/23 hp.
You feel sick. The kobold hits you with a +0 club.
* * * LOW HITPOINT WARNING * * *
You see here an adder corpse.
HP[-2]
You take 2 damage, and now have 7/23 hp.
You barely miss the kobold. You grab the kobold.
You pierce the kobold.
You kill the kobold!
You feel sick.
HP[-1]
You take 1 damage, and now have 6/23 hp.
You feel sick. The kobold closely misses you.
Things that are here:
a +0 dagger {short}; 3 stones {throwing} HP[-1]
You take 1 damage, and now have 5/23 hp.
You tentacle-slap the kobold. Your grab misses the kobold.
Your tentacle spike misses the kobold.
You feel sick.
You are no longer poisoned.
The kobold hits you with a +0 club.
You die...

Skill      XL: |  1  2 |
---------------+-------+-----
Stealth        | 1 |  1.6
Fighting       | |  1.5
Dodging        | |  2.4
Unarmed Combat | |  3.6
Spellcasting   | |  2.0
Transmutations | |  2.0

Action                   || total
-------------------------++-------
Melee: Unarmed           ||    68
       Constrict         ||    17
       Kick              ||    16
       Tentacles         ||     8
       Punch             ||     2
 Cast: Beastly Appendage ||    11
 Stab: Sleeping          ||     5
Armor: Skin              ||     7
Dodge: Dodged            ||    39

Levels and vault maps discovered:
D:1:      dpeg_arrival_castle, layout_loops_ring
D:2:      layout_rooms, serial_shops, nicolae_shop_crystal

Notes
Turn   | Place    | Note
-------+----------+-------------------------------------------
     0 | D:1      | zeratav the Octopode Transmuter began the quest for the
                  | Orb.
     0 | D:1      | Reached XP level 1. HP: 13/13 MP: 3/3
     0 | D:1      | magus.rc [v1.9.6]
   290 | D:1      | You add the spells Conjure Flame, Ignite Poison and Sticky
                  | Flame to your library.
   316 | D:1      | Reached XP level 2. HP: 18/18 MP: 3/5
   323 | D:1      | Reached skill level 1 in Stealth
   817 | D:1      | Reached XP level 3. HP: 23/23 MP: 6/6
  1218 | D:2      | HP: 5/23 [poisoned by an adder]
  1219 | D:2      | Slain by a kobold

Vanquished Creatures
  An adder (D:2)
  4 ball pythons (D:1)
  2 bats (D:1)
  An endoplasm (D:1)
  5 giant cockroaches (D:1)
  4 hobgoblins (D:1)
  4 jackals (D:1)
  3 kobolds
  A frilled lizard (D:1)
25 creatures vanquished.

Table legend:
 A = Non-vault XP
 B = Vault XP
 C = Vault XP percentage of total XP
 D = Non-vault monster count
 E = Vault monster count
 F = Vault count percentage of total count
                 A         B        C        D         E       F
            +---------+---------+-------+---------+---------+-------
      Total |      56 |       0 |   0.0 |      25 |       0 |   0.0
            +---------+---------+-------+---------+---------+-------
        D:1 |      40 |       0 |   0.0 |      22 |       0 |   0.0
        D:2 |      16 |       0 |   0.0 |       3 |       0 |   0.0
            +---------+---------+-------+---------+---------+-------

Illustrated notes

Table legend:
 A = Kills in this place as a percentage of kills in entire the game.
 B = Kills by you in this place as a percentage of kills by you in the entire game.
 C = Kills by friends in this place as a percentage of kills by friends in the entire game.
 D = Other kills in this place as a percentage of other kills in the entire game.
 E = Experience gained in this place as a percentage of experience gained in the entire game.
 F = Experience gained in this place divided by the number of levels of this place that you have seen.
                   A       B       C       D       E      F
               +-------+-------+-------+-------+-------+----------------------
         Total | 100.0 | 100.0 |   N/A |   N/A | 100.0 |  28.0
       Dungeon | 100.0 | 100.0 |   N/A |   N/A | 100.0 |  28.0
               +-------+-------+-------+-------+-------+----------------------

Table legend: (Time is in decaauts)
 A = Elapsed time spent in this place.
 B = Non-inter-level travel time spent in this place.
 C = Inter-level travel time spent in this place.
 D = Time resting spent in this place.
 E = Time spent auto-exploring this place.
 F = Levels seen in this place.
 G = Mean time per level.
                   A        B        C        D        E       F      G
               +--------+--------+--------+--------+--------+-----+--------+
         Total |   1214 |   1179 |     35 |      0 |   1010 |   2 |  607.0 |
       Dungeon |   1214 |   1179 |     35 |      0 |   1010 |   2 |  607.0 |
               +--------+--------+--------+--------+--------+-----+--------+

Top non-repeatable levels by time:
     D:1: 1200 daAuts
     D:2: 13 daAuts
